 Dungeon Crawl Stone Soup version 0.19.1 (webtiles) character file.

66 Host24 the Bolt Thrower (level 4, 0/42 HPs)
             Began as a Kobold Hunter on Dec 30, 2016.
             Was an Initiate of Okawaru.
             Succumbed to an adder's poison
             ... on level 1 of the Dungeon.
             The game lasted 00:01:38 (775 turns).

Host24 the Bolt Thrower (Kobold Hunter)              Turns: 775, Time: 00:01:38

Health: 0/42       AC: 22    Str:  9    XL:     4   Next: 37%
Magic:  4/4        EV:  3    Int: 12    God:    Okawaru [......]
Gold:   62         SH:  0    Dex: 16    Spells: 0 memorised, 3 levels left

rFire  . . .     SeeInvis .     a - +1 hand crossbow
rCold  . . .     Gourm    .     (armour currently unavailable)
rNeg   + + +     Faith    .     (shield restricted)
rPois  +         Spirit   .     (helmet currently unavailable)
rElec  .         Reflect  .     (cloak currently unavailable)
rCorr  .         Harm     .     (gloves currently unavailable)
MR     .....     NoTele   +     (boots currently unavailable)
Stlth  ++........               (no amulet)
                                (no ring)
                                (no ring)

@: lethally poisoned (0 -> -2), tree-form
A: carnivore 3
a: Renounce Religion


You were on level 1 of the Dungeon.
You worshipped Okawaru.
Okawaru was noncommittal.
You were completely stuffed.
You were a tree.
You visited 1 branch of the dungeon, and saw 2 of its levels.

You collected 62 gold pieces.

Inventory:

Hand Weapons
 a - a +1 hand crossbow (weapon)
 b - a +0 short sword
 j - a +1 dagger of holy wrath
Missiles
 d - 5 bolts (quivered)
 e - 11 sling bullets
 i - 34 stones
Armour
 c - a +0 leather armour (melded)
 k - a +0 helmet (melded)
Scrolls
 g - a scroll of magic mapping {unknown}
 h - a scroll of identify {unknown}
Comestibles
 f - 2 meat rations


   Skills:
 - Level 3.0 Fighting
 - Level 4.8 Crossbows
 + Level 4.6 Dodging
 - Level 1.3 Stealth


You had 3 spell levels left.
You didn't know any spells.

Dungeon Overview and Level Annotations

Branches:
Dungeon (2/15)

Altars:
Okawaru


Innate Abilities, Weirdness & Mutations

You are small and have problems with some larger weapons.
You are carnivorous and can eat meat at any time.


Message History

* * * LOW HITPOINT WARNING * * *
You feel sick. The adder closely misses you.
It was a potion of lignification.
You turn into a tree.
Your +0 helmet melds into your body.
Your +0 leather armour melds into your body.
Your roots penetrate the ground.
The adder bites you.
* * * LOW HITPOINT WARNING * * *
The adder bites you but does no damage.
Firing (i - inventory. (,) - cycle):
d - 7 bolts (quivered)
Press: ? - help, Shift-Dir - straight line, f/p - adder
Aim: an adder (severely wounded)
You shoot a bolt. The bolt barely misses the adder.
The adder bites you.
* * * LOW HITPOINT WARNING * * *
Firing (i - inventory. (,) - cycle):
d - 6 bolts (quivered)
Press: ? - help, Shift-Dir - straight line, f/p - adder
Aim: an adder (severely wounded)
You shoot a bolt. The bolt hits the adder!
You kill the adder!
Okawaru accepts your kill.
You die...

### ########.# #........#
#.######.# #.#
#♣################ #.#
###(##..............
####.####..(.#..............
#......##.#..#..............
#......##.#..#..####.#####..
#......##.#..#..# #.# #.. #
####'####.#..#..# #.# #.. #
#......#.#(.#..# #.# #.. ###
#......#.#..#..####.#####..


There were no monsters in sight!

Vanquished Creatures
  Jessica (D:1)
  2 adders (D:1)
  An ooze (D:1)
  3 goblins (D:1)
  4 jackals (D:1)
  A kobold (D:1)
  2 bats (D:1)
  A frilled lizard (D:1)
  5 rats (D:1)
20 creatures vanquished.

Notes
Turn   | Place    | Note
-------+----------+-------------------------------------------
     0 | D:1      | Host24 the Kobold Hunter began the quest for the Orb.
     0 | D:1      | Reached XP level 1. HP: 12/12 MP: 1/1
   100 | D:1      | Reached XP level 2. HP: 14/18 MP: 2/2
   361 | D:1      | Found an iron altar of Okawaru.
   374 | D:1      | Became a worshipper of Warmaster Okawaru
   722 | D:2      | Noticed Jessica
   730 | D:1      | Killed Jessica
   730 | D:1      | Reached XP level 3. HP: 23/23 MP: 3/3
   767 | D:1      | Reached XP level 4. HP: 9/28 MP: 4/4
   773 | D:1      | HP: 2/42 [adder (2)]
   775 | D:1      | Succumbed to an adder's poison

Skill      XL: |  1  2 |
---------------+-------+-----
Fighting       | 3 |  3.0
Dodging        | 4 |  4.6
Crossbows      | |  4.8
Stealth        | |  1.3

Action                   |  1- 3 |  4- 6 || total
-------------------------+-------+-------++-------
Melee: Short sword       |    67 |       ||    67
 Fire: Hand crossbow     |    10 |     7 ||    17
  Use: Potion            |       |     1 ||     1
  Eat: Chunk             |     8 |       ||     8
Armor: Leather armour    |    22 |     2 ||    24
       Skin              |       |     1 ||     1
Dodge: Dodged            |    96 |     6 ||   102
